Map: 2000 Atmospheres LE

Players

NorthStar

  • Race: Protoss Protoss
  • League: Diamond
  • Spawn Location: 7:00

Pumba - Winner!

  • Race: Protoss Protoss
  • League: Diamond
  • Spawn Location: 3:00

VOD

Have the link to the VOD?

Description

Time

  • Played on: March 8, 2022, 6:18 p.m.
  • Length: 8:12
Show
View Real Time Build Order
Export as new Build Order

NorthStar Protoss 

Build Orders: 1 Gate Expand 

Get SALT Encoding   

  12  0:00  Probe  
  13  0:12  Probe  
  14  0:19  Pylon  
  14  0:24  Probe  
  15  0:30  Assimilator  
  15  0:40  Gateway  
  15  0:43  Probe (Chrono Boost)  
  16  0:52  Probe (Chrono Boost)  
  17  0:57  Probe (Chrono Boost)  
  18  1:09  Probe  
  19  1:23  Probe  
  20  1:27  Cybernetics Core  
  20  1:40  Nexus  
  20  1:46  Pylon  
  20  1:49  Assimilator  
  20  2:03  Warp Gate (Chrono Boost)  
  20  2:05  Probe  
  21  2:09  Stalker  
  23  2:18  Probe  
  24  2:26  Robotics Facility  
  24  2:30  Probe  
  25  2:42  Probe  
  25  2:43  Gateway  
  26  2:51  Pylon  
  26  2:54  Probe (Chrono Boost)  
  26  2:57  Pylon  
  27  3:03  Probe (Chrono Boost)  
  29  3:06  Probe (Chrono Boost)  
  29  3:12  Probe (Chrono Boost)  
  30  3:15  Stalker  
  30  3:17  Probe (Chrono Boost)  
  30  3:18  Probe  
  34  3:29  Immortal  
  40  3:38  Probe (Chrono Boost)  
  40  3:44  Probe (Chrono Boost)  
  40  3:48  Probe (Chrono Boost), Pylon  
  41  3:50  Stalker  
  43  3:57  Stalker  
  43  4:00  Probe  
  43  4:01  Probe  
  47  4:08  Immortal  
  51  4:13  Probe x2  
  53  4:21  Stalker x2  
  55  4:25  Probe x2  
  53  4:37  Probe x2 (Chrono Boost)  
  55  4:47  Probe x2 (Chrono Boost)  
  55  4:49  Stalker x2  
  55  4:52  Probe x2 (Chrono Boost)  
  63  5:03  Probe x2  
  63  5:05  Pylon  
  65  5:09  Shield Battery  
  65  5:10  Immortal (Chrono Boost)  
  69  5:16  Pylon  
  69  5:19  Pylon  
  69  5:20  Assimilator  
  69  5:22  Assimilator  
  69  5:23  Pylon  
  69  5:24  Zealot  
  69  5:26  Zealot  
  73  5:37  Observer (Chrono Boost)  
  74  5:44  Probe  
  74  5:46  Probe  
  76  5:56  Probe  
  77  5:58  Probe  
  77  6:01  Nexus, Stalker x2  
  77  6:03  Pylon  
  64  6:47  Probe x2  
  51  6:53  Immortal (Chrono Boost)  
  51  6:54  Stalker x2  
  58  6:59  Probe  
  58  7:00  Shield Battery  
  61  7:02  Shield Battery  
  61  7:06  Shield Battery  
  62  7:08  Probe  
  62  7:17  Stalker  
  62  7:18  Immortal (Chrono Boost)  
  62  7:19  Stalker  
  54  7:41  Stalker  
  56  7:45  Robotics Facility  
  56  7:49  Stargate  
  57  7:56  Stalker  
  53  8:05  Zealot  
Show
View Real Time Build Order
Export as new Build Order

Pumba Protoss - Winner!

Build Orders: Oracle Opening 

Get SALT Encoding   

  12  0:00  Probe  
  13  0:13  Probe  
  14  0:18  Pylon  
  14  0:25  Probe (Chrono Boost)  
  15  0:37  Probe (Chrono Boost)  
  15  0:40  Gateway  
  16  0:46  Probe (Chrono Boost)  
  16  0:49  Assimilator  
  17  0:53  Probe  
  18  0:59  Assimilator  
  18  1:05  Probe (Chrono Boost)  
  19  1:16  Probe (Chrono Boost)  
  19  1:18  Gateway  
  20  1:22  Probe (Chrono Boost)  
  21  1:29  Cybernetics Core  
  21  1:31  Probe  
  22  1:41  Pylon  
  22  1:43  Probe  
  23  1:59  Probe  
  24  2:07  Stalker x2  
  24  2:08  Warp Gate  
  28  2:17  Probe  
  28  2:19  Pylon  
  29  2:34  Stargate  
  29  2:46  Nexus  
  29  3:13  Adept x2, Probe  
  29  3:16  Oracle (Chrono Boost)  
  37  3:25  Probe  
  37  3:27  Shield Battery  
  38  3:32  Pylon  
  38  3:37  Probe  
  39  3:52  Probe  
  40  3:56  Stalker x2  
  40  4:01  Probe (Chrono Boost)  
  46  4:10  Twilight Council, Probe (Chrono Boost)  
  46  4:13  Probe (Chrono Boost)  
  48  4:18  Probe x2 (Chrono Boost)  
  49  4:35  Probe  
  49  4:36  Probe  
  51  4:44  Sentry  
  51  4:45  Stalker  
  55  4:46  Blink (Chrono Boost)  
  55  4:48  Probe x2, Assimilator  
  55  4:51  Pylon  
  57  5:04  Probe x2  
  59  5:07  Assimilator  
  59  5:12  Gateway  
  59  5:14  Gateway  
  59  5:16  Stalker x2  
  59  5:20  Pylon  
  64  5:21  Probe (Chrono Boost)  
  64  5:22  Probe (Chrono Boost)  
  65  5:31  Probe (Chrono Boost)  
  65  5:33  Probe (Chrono Boost)  
  67  5:38  Robotics Facility  
  67  5:42  Forge, Probe  
  68  5:46  Nexus  
  68  5:50  Pylon  
  68  5:54  Stalker  
  70  6:02  Probe x2  
  72  6:15  Stalker x3  
  72  6:18  Probe  
  79  6:29  Stalker  
  74  6:42  Stalker x2  
  74  6:43  Stalker  
  76  6:50  Warp Prism (Chrono Boost)  
  78  6:59  Stalker  
  78  7:01  Probe (Chrono Boost)  
  83  7:04  Probe (Chrono Boost)  
  83  7:05  Probe (Chrono Boost)  
  83  7:11  Probe (Chrono Boost)  
  83  7:12  Stalker x2  
  83  7:14  Probe (Chrono Boost)  
  85  7:35  Stalker x4  
  89  7:40  Observer (Chrono Boost)  
  89  7:42  Probe  
  89  7:43  Pylon  
  92  7:44  Probe x2  
  92  7:47  Pylon  
  92  7:48  Shield Battery  
  92  7:50  Pylon  
  91  8:09  Stalker x4  
Tags
 
Add a new tag
Caveats
  • Supply blocks, unpowered buildings, or Contaminate may cause inaccurate times.
  • Supply counts are checked every 10 seconds.